 Dungeon Crawl Stone Soup version 0.31.0-9-g3a7656b989 (webtiles) character file.

Game seed: 36732945926240398

7 zash the Shooter (level 2, 22/22 HPs)
             Began as a Human Hunter on Feb 2, 2024.
             Quit the game on level 1 of the Dungeon.
             The game lasted 00:02:58 (79 turns).

zash the Shooter (Human Hunter)                       Turns: 79, Time: 00:02:58

Health: 22/22      AC:  3    Str: 11    XL:     2   Next: 4%
Magic:  2/2        EV: 12    Int:  9    God:
Gold:   0          SH:  0    Dex: 16    Spells: 1/1 levels left

rFire   . . .        a - +0 shortbow
rCold   . . .        (shield currently unavailable)
rNeg    . . .        c - +0 leather armour
rPois   .            (no helmet)
rElec   .            (no cloak)
rCorr   .            (no gloves)
SInv    .            (no boots)
Will    .....        (no amulet)
Stlth   ++           (no ring)
HPRegen 0.23/turn    (no ring)
MPRegen 0.08/turn

%: no passive effects
@: no status effects
A: explore regen
a: no special abilities


You were on level 1 of the Dungeon.
You visited 1 branch of the dungeon, and saw 1 of its levels.

Inventory:

Hand Weapons
 a - a +0 shortbow (weapon)
Armour
 c - a +0 leather armour (worn)
Jewellery
 d - an amulet of magic regeneration
Scrolls
 b - a scroll of butterflies


   Skills:
 + Level 2.0 Fighting
 + Level 4.4 Ranged Weapons
 + Level 2.0 Dodging
 + Level 1.0 Stealth


You had one spell level left.
You didn't know any spells.
Your spell library was empty.

Dungeon Overview and Level Annotations

Branches:
Dungeon (1/15)

Altars:


Innate Abilities, Weirdness & Mutations

You regain HP and MP as you explore.


Message History

The arrow hits the hobgoblin but does no damage.
The eye of devastation turns its gaze towards you.
The hobgoblin closely misses you.
You shoot an arrow. The arrow closely misses the hobgoblin.
The eye of devastation turns its gaze towards you.
The hobgoblin barely misses you.
You shoot an arrow. The arrow closely misses the hobgoblin.
The hobgoblin misses you. The frilled lizard bites you.
The hobgoblin misses you.
You shoot an arrow. The arrow hits the frilled lizard.
You kill the frilled lizard!
The hobgoblin hits you but does no damage.
You shoot an arrow. The arrow hits the hobgoblin!
You kill the hobgoblin!
You see here a +0 leather armour.
The eye of devastation pulsates ominously.
There is a faded altar of an unknown god here.
Found a flux talisman.
A goblin comes into view. It is wielding a +0 club.
The goblin shouts!
You hear an angry hiss.
Found a fizzy yellow potion.
The goblin hits you with a +0 club.
You see here a flux talisman.
You shoot an arrow. The arrow hits the goblin.
The goblin is moderately wounded.
The goblin barely misses you.
You shoot an arrow. The arrow hits the goblin.
The goblin is heavily wounded.
The goblin hits you but does no damage. The goblin closely misses you.
You shoot an arrow. The arrow hits the goblin!
You kill the goblin!
A frilled lizard comes into view.
You have reached level 2!
Welcome back, zash the Human Hunter.
Press ? for a list of commands and other information.
Things that are here:
a +0 club; a goblin corpse Welcome back, zash the Human Hunter.
Press ? for a list of commands and other information.
Are you sure you want to abandon this character and quit the game? (Confirm with "yes".)

##.....##. ##.........
#...# #.......... ##...#
######.......... #....#
#...##..........
.....####.#.##..........
..........#.##.....!....
###...###...##..@.......
#G#...#G#.#..%).........
###[..###.#..........#..
...................###
...._............l.#
†.........#........#
###...###.#........#
#G#...#G#............
###...###..####...##.


You could see a frilled lizard.

Vanquished Creatures
  2 bats (D:1)
  2 goblins (D:1)
  A hobgoblin (D:1)
  A frilled lizard (D:1)
6 creatures vanquished.

Notes
Turn   | Place    | Note
-------+----------+-------------------------------------------
     0 | D:1      | zash the Human Hunter began the quest for the Orb.
     0 | D:1      | Reached XP level 1. HP: 16/16 MP: 1/1
    47 | D:1      | Noticed an eye of devastation
    48 | D:1      | Found a faded altar of an unknown god.
    52 | D:1      | Noticed a great orb of eyes
    52 | D:1      | Noticed an eye of devastation
    52 | D:1      | Noticed an eye of devastation
    76 | D:1      | Reached XP level 2. HP: 19/22 MP: 2/2
    79 | D:1      | Quit the game

Illustrated notes

Levels and vault maps discovered:
D:1:      amcnicky_arrival_blooded_trapdoor, layout_rooms,
          hellmonk_ecumenical_altar_watching_god, minmay_surrounded

Action                     || total
---------------------------++-------
   Fire: Shortbow          ||    14
 Armour: Leather armour    ||     7
  Dodge: Dodged            ||    11
